 Dungeon Crawl Stone Soup version 0.28-a0-245-g639a1a48b9 (webtiles) character file.

Game seed: 13056030760618772077

130 Sweetruy1997 the Conjurer (level 4, -2/21 HPs)
             Began as a Spriggan Conjurer on Aug 24, 2021.
             Slain by a gnoll (6 damage)
             ... on level 2 of the Dungeon.
             The game lasted 00:06:43 (2400 turns).

Sweetruy1997 the Conjurer (Spriggan Conjurer)       Turns: 2400, Time: 00:06:43

Health: -2/21      AC:  2    Str:  4    XL:     4   Next: 89%
Magic:  1/10       EV: 17    Int: 19    God:
Gold:   62         SH:  0    Dex: 13    Spells: 2/9 levels left

rFire   . . .      SeeInvis +   b - +2 dagger
rCold   . . .      Faith    .   (shield restricted)
rNeg    . . .      Spirit   .   a - +0 robe
rPois   .          Reflect  .   (helmet restricted)
rElec   .          Harm     .   (no cloak)
rCorr   .          Rampage  .   (gloves unavailable)
Will    .....                   (boots unavailable)
Stlth   ++........              (no amulet)
HPRegen 0.07/turn               (no ring)
MPRegen 0.12/turn               (no ring)

@: very quick
A: very small, no large weapons, unfitting armour, see invisible, speed 3
a: no special abilities


You were on level 2 of the Dungeon.
You visited 1 branch of the dungeon, and saw 2 of its levels.

You collected 62 gold pieces.

Inventory:

Hand Weapons
 b - a +2 dagger (weapon)
Armour
 a - a +0 robe (worn)
Scrolls
 c - a scroll of blinking
 f - a scroll of torment {unknown}
 i - a scroll of magic mapping
Potions
 d - a potion of attraction {unknown}
 h - a potion of resistance {unknown}
 j - a potion of haste {unknown}
 k - a potion of degeneration {unknown}


   Skills:
 + Level 0.5 Fighting
 + Level 2.8 Dodging
 + Level 3.9 Stealth
 + Level 3.4 Spellcasting
 + Level 4.1 Conjurations
 + Level 0.5 Fire Magic


You had 2 spell levels left.
You knew the following spells:

 Your Spells              Type           Power      Damage    Failure   Level
a - Magic Dart            Conj           76%        1d6       2%          1
b - Searing Ray           Conj           38%        3d4       4%          2
c - Foxfire               Conj/Fire      48%        2x1d6     5%          1
d - Conjure Flame         Conj/Fire      12%        6-21      17%         3

Your spell library contained the following spells:

 Spells                   Type           Power      Damage    Failure   Level
 Dazzling Flash           Conj/Hex       22%        N/A       19%         3
 Inner Flame              Hex/Fire       4%         N/A       36%         3
 Fulminant Prism          Conj/Hex       5%         3d7       52%         4
 Iskenderun's Mystic Bla  Conj/Tloc      11%        2d4       52%         4


Dungeon Overview and Level Annotations

Branches:
Dungeon (2/15)

Altars:

Shops:
D:1 (


Innate Abilities, Weirdness & Mutations

You are very small and have problems with some larger weapons.
You are too small for most types of armour.
You have supernaturally acute eyesight. (SInv)
You cover ground extremely quickly. (Speed+++)


Message History

The gnoll is almost dead.
The gnoll closely misses you.
You hit the gnoll but do no damage.
The gnoll is almost dead.
The gnoll barely misses you.
You barely miss the gnoll.
The gnoll is almost dead.
The gnoll closely misses you.
You hit the gnoll.
You kill the gnoll!
The gnoll hits you with a +0 whip.
The magic dart hits the gnoll.
The gnoll is moderately wounded.
The gnoll hits you with a +0 whip.
You hit the gnoll.
The gnoll is moderately wounded.
The gnoll hits you with a +0 whip!
You barely miss the gnoll.
The gnoll is moderately wounded.
The gnoll closely misses you.
You hit the gnoll.
The gnoll is severely wounded.
The gnoll hits you with a +0 whip.
* * * LOW HITPOINT WARNING * * *
Unknown command.
You hit the gnoll but do no damage.
The gnoll is severely wounded.
The gnoll barely misses you.
It was a potion of curing.
You feel better. The gnoll barely misses you.
You hit the gnoll but do no damage.
The gnoll is severely wounded.
The gnoll hits you with a +0 whip!
* * * LOW HITPOINT WARNING * * *
You hit the gnoll but do no damage.
The gnoll is severely wounded.
The gnoll misses you.
You hit the gnoll.
The gnoll is almost dead.
The gnoll hits you with a +0 whip.
You die...

### ### ########.# #.#
#........# #<#
#.######.# #.# #@# #.#
#.# #g# #.# ###.# #)#
#.# #.#.# #.# #.# #.#.#
#......######.###.#.#
#####.............#.###
....#####.###.#....
g#>#.#.......#.#....
..#...>.....#.#.#....


You could see a gnoll.

Vanquished Creatures
  2 adders (D:2)
  7 gnolls
  3 ball pythons (D:1)
  5 bats (D:1)
  4 endoplasms
  2 giant cockroaches (D:1)
  5 goblins
  3 hobgoblins
  6 jackals
  2 kobolds (D:2)
  2 quokkas (D:1)
  3 rats
44 creatures vanquished.

Vanquished Creatures (others)
  48 foxfires
48 creatures vanquished.

Grand Total: 92 creatures vanquished

Notes
Turn   | Place    | Note
-------+----------+-------------------------------------------
     0 | D:1      | Sweetruy1997 the Spriggan Conjurer began the quest for the
                  | Orb.
     0 | D:1      | Reached XP level 1. HP: 9/9 MP: 5/5
    25 | D:1      | Reached skill level 3 in Conjurations
   169 | D:1      | Reached XP level 2. HP: 13/13 MP: 1/6
   273 | D:1      | Learned a level 2 spell: Searing Ray
   706 | D:1      | Found Xiacropp's Antique Weapon Shoppe.
   824 | D:1      | You fall into a shaft and drop 1 floor!
  1020 | D:1      | Reached XP level 3. HP: 16/16 MP: 5/8
  1060 | D:1      | Learned a level 1 spell: Foxfire
  1064 | D:1      | Learned a level 3 spell: Conjure Flame
  1844 | D:2      | Reached skill level 4 in Conjurations
  1844 | D:2      | Reached XP level 4. HP: 11/21 MP: 3/9
  2400 | D:2      | Slain by a gnoll

Illustrated notes

Levels and vault maps discovered:
D:1:      lightli_arrival_flooded_house, layout_basic, serial_shops, shop
D:2:      layout_basic

Skill      XL: |  1  2  3  4 |
---------------+-------------+-----
Conjurations   | 3 4 |  4.1
Spellcasting   | 3 |  3.4
Fighting       | |  0.5
Dodging        | |  2.8
Stealth        | |  3.9
Fire Magic     | |  0.5

Action                   |  1- 3 |  4- 6 || total
-------------------------+-------+-------++-------
Melee: Dagger            |    21 |    11 ||    32
 Cast: Magic Dart        |    49 |    15 ||    64
       Foxfire           |    19 |     9 ||    28
       Searing Ray       |       |     1 ||     1
  Use: Scroll            |     2 |     3 ||     5
       Potion            |       |     1 ||     1
Armor: Robe              |     1 |       ||     1
Dodge: Dodged            |    27 |     7 ||    34

Table legend: (Time is in decaauts)
 A = Elapsed time spent in this place.
 B = Non-inter-level travel time spent in this place.
 C = Inter-level travel time spent in this place.
 D = Time resting spent in this place.
 E = Time spent auto-exploring this place.
 F = Levels seen in this place.
 G = Mean time per level.
                   A        B        C        D        E       F      G
               +--------+--------+--------+--------+--------+-----+--------+
         Total |   1975 |   1902 |     73 |    407 |   1242 |   2 |  987.5 |
       Dungeon |   1975 |   1902 |     73 |    407 |   1242 |   2 |  987.5 |
               +--------+--------+--------+--------+--------+-----+--------+

Top non-repeatable levels by time:
     D:1: 1249 daAuts
     D:2: 726 daAuts
